 Dungeon Crawl Stone Soup version 0.30-a0-136-gea98e250e0 (webtiles) character file.

Game seed: 16281746871638409828

112295 Angani the Devastator (level 17, -4/144 HPs)
             Began as a Meteoran Wanderer on Sept 20, 2022.
             Was a High Priest of Ashenzari.
             Killed by the raging water
             ... invoked by a water nymph
              (15 damage)
             ... on level 4 of the Shoals on Sept 21, 2022.
             The game lasted 01:41:15 (11426 turns).

Angani the Devastator (Meteoran Wanderer)          Turns: 11426, Time: 01:41:15

Health: -4/144     AC: 19    Str: 15    XL:     17   Next: 72%
Magic:  29/35      EV: 19    Int: 22    God:    Ashenzari [*****.]
Gold:   1012       SH:  5    Dex: 22    Spells: 9/43 levels left

rFire   . . .      SeeInvis +    l - +5 scythe "Finisher" {speed, eviscerate, Bglg, Alch} (curse)
rCold   . . .      Faith    .    (shield currently unavailable)
rNeg    + . .      Spirit   .    b - +4 acid dragon scales
rPois   +          Reflect  +    A - +0 helmet "I Knew You'd Do That" {Fort, Self} (curse)
rElec   +          Harm     .    d - +2 cloak "Enigmatic Loss" {Self, Alch} (curse)
rCorr   +          Rampage  .    G - +0 pair of gloves of the Wild Blue Yonder {Dex+3, Melee, Comp} (curse)
Will    ++...      Clarity  +    (no boots)
Stlth   +.........               k - amulet of the Enigmatic Sphere {Reflect SH+5, Evo, Bglg} (curse)
HPRegen 0.34/turn                o - ring "Share My Henotheism" {rN+, Elem, Evo} (curse)
MPRegen 0.24/turn                K - ring "Ensconced Together" {*Corrode rElec rPois Dex+6 Slay+5, Cun, Melee} (curse)

@: glowing, very slow
A: sense surroundings 2, otherworldly, glowing, explore regen
a: Renounce Religion, Curse Item, Shatter the Chains


You were on level 4 of the Shoals.
You worshipped Ashenzari.
Ashenzari was extremely pleased with you.
You visited 5 branches of the dungeon, and saw 24 of its levels.
You also visited: Bailey.

You collected 1619 gold pieces.
You spent 607 gold pieces at shops.

Inventory:

Hand Weapons
 l - the cursed +5 scythe "Finisher" (weapon) {speed, eviscerate, Bglg, Alch}
   (You found it on level 8 of the Dungeon)

   Attacks with this weapon are significantly faster.
   It may eviscerate those it strikes, slaying them instantly, with a decreasing
   chance against stronger foes.
   It has a curse which improves the following skills: Beguiling: Conjurations,
   Hexes and Translocations.
   Alchemy:   Poison Magic and Transmutations.
Missiles
 M - a throwing net
Armour
 b - +4 acid dragon scales (worn)
 d - the cursed +2 cloak "Enigmatic Loss" (worn) {Self, Alch}
   (You found it on level 4 of the Dungeon)

   It has a curse which improves the following skills: Introspection: Fighting
   and Spellcasting.
   Alchemy:   Poison Magic and Transmutations.
 A - the cursed +0 helmet "I Knew You'd Do That" (worn) {Fort, Self}
   (You found it on level 10 of the Dungeon)

   It has a curse which improves the following skills: Fortitude: Armour and
   Shields.
   Introspection: Fighting and Spellcasting.
 G - the cursed +0 pair of gloves of the Wild Blue Yonder (worn) {Dex+3, Melee, Comp}
   (You bought it in a shop on level 2 of the Orcish Mines)

   It has a curse which improves the following skills: Melee Combat: Short
   Blades, Long Blades, Axes, Maces & Flails, Polearms, Staves and Unarmed
   Combat.
   Companions: Summonings and Necromancy.
 V - a +2 pair of gloves
Jewellery
 k - the cursed amulet of the Enigmatic Sphere (around neck) {Reflect SH+5, Evo, Bglg}
   (You found it on level 2 of the Dungeon)

   [amulet of reflection]

   It reflects blocked missile attacks.
   SH:        It affects your SH (+5).
   It has a curse which improves the following skills: Evocations: Evocations.
   Beguiling: Conjurations, Hexes and Translocations.
 o - the cursed ring "Share My Henotheism" (left hand) {rN+, Elem, Evo}
   (You found it on level 3 of the Dungeon)

   [ring of positive energy]

   rN:        It protects you from negative energy.
   It has a curse which improves the following skills: Elements: Fire Magic, Ice
   Magic, Air Magic and Earth Magic.
   Evocations: Evocations.
 F - a ring of protection from cold
 H - the ring of the Hero {Fire +Blink rN+ Int-2}
   (You took it off a human on level 10 of the Dungeon)

   [ring of fire]

   It enhances your fire magic.
   Int:       It affects your intelligence (-2).
   rF:        It protects you from fire.
   rC:        It makes you vulnerable to cold.
   rN:        It protects you from negative energy.
   +Blink:    It lets you blink.
 J - the ring of Xetiqump {Wiz rC+ MP+9}
   (You found it on level 10 of the Dungeon)

   [ring of wizardry]

   It improves your spell success rate.
   rC:        It protects you from cold.
   MP:        It affects your magic capacity (+9).
 K - the cursed ring "Ensconced Together" (right hand) {*Corrode rElec rPois Dex+6 Slay+5, Cun, Melee}
   (You found it on level 10 of the Dungeon)

   [ring of dexterity]

   Dex:       It affects your dexterity (+6).
   Slay:      It affects your accuracy & damage with ranged weapons and melee
   (+5).
   rElec:     It insulates you from electricity.
   rPois:     It protects you from poison.
   *Corrode:  It may corrode you when you take damage.
   It has a curse which improves the following skills: Cunning: Dodging and
   Stealth.
   Melee Combat: Short Blades, Long Blades, Axes, Maces & Flails, Polearms,
   Staves and Unarmed Combat.
 L - the amulet of Suxaph {Reflect Str+2 SH+5}
   (You found it on level 10 of the Dungeon)

   [amulet of reflection]

   It reflects blocked missile attacks.
   Str:       It affects your strength (+2).
   SH:        It affects your SH (+5).
Wands
 c - a wand of iceblast (3)
 r - a wand of polymorph (8)
 y - a wand of flame (36)
 E - a wand of charming (13)
Scrolls
 h - 6 scrolls of teleportation
 i - 2 scrolls of amnesia
 p - 5 scrolls of butterflies
 q - a scroll of torment
 s - 3 scrolls of enchant weapon
 v - a scroll of silence
 B - 2 scrolls of brand weapon
 C - 3 scrolls of poison
 D - a scroll of immolation
 P - a scroll of summoning
 S - a scroll of magic mapping
Potions
 a - 3 potions of brilliance
 e - 7 potions of curing
 f - 7 potions of haste
 g - 4 potions of flight
 j - a potion of lignification
 m - 4 potions of invisibility
 n - 6 potions of mutation
 t - 6 potions of ambrosia
 w - a potion of might
 x - 2 potions of degeneration
 z - 2 potions of attraction
 O - 2 potions of cancellation
 Q - 2 potions of resistance
 R - a potion of magic
 T - 2 potions of heal wounds
Miscellaneous
 u - a box of beasts
 I - a phial of floods
 N - a tin of tremorstones (2/2)
 U - a piece from Xom's chessboard (15/15)


   Skills:
 - Level 7.9(11.4) Fighting
 - Level 14.0(17.3) Polearms
 - Level 9.1(11.5) Armour
 - Level 8.0(10.3) Dodging
 - Level 10.0(13.5) Spellcasting
 + Level 15.4(18.8) Conjurations
 - Level 4.3(7.5) Hexes
 - Level 4.2(7.4) Transmutations
 - Level 4.2(6.4) Fire Magic
 + Level 14.1(16.3) Ice Magic
 + Level 15.4(17.6) Air Magic
 - Level 4.1(7.3) Poison Magic
 - Level 1.2(3.2) Evocations


You had 9 spell levels left.
You knew the following spells:

 Your Spells              Type           Power      Damage    Failure   Level
a - Shock                 Conj/Air       100%       1d9       0%          1
b - Dazzling Flash        Conj/Hex       100%       N/A       1%          3
c - Mephitic Cloud        Conj/Pois/Air  68%        N/A       1%          3
d - Ignite Poison         Fire/Tmut/Pois 45%        N/A       1%          3
e - Freezing Cloud        Conj/Ice/Air   37%        6-21      1%          5
f - Swiftness             Air            75%        N/A       0%          3
g - Arcjolt               Conj/Air       38%        1d48      1%          5
h - Airstrike             Air            37%        2d(6-22)  1%          4
i - Slow                  Hex            100%       N/A       1%          1
j - Conjure Ball Lightni  Conj/Air       38%        3x3d12    1%          6

Your spell library contained the following spells:

 Spells                   Type           Power      Damage    Failure   Level
 Freeze                   Ice            100%       1d11      0%          1
 Cigotuvi's Dreadful Rot  Necr/Pois/Air  100%       N/A       1%          2
 Ensorcelled Hibernation  Hex/Ice        100%       N/A       1%          2
 Passwall                 Tmut/Erth      25%        N/A       1%          2
 Poisonous Vapours        Pois/Air       100%       N/A       1%          2
 Confusing Touch          Hex            48%        N/A       1%          3
 Frozen Ramparts          Ice            100%       1d16      1%          3
 Spider Form              Tmut/Pois      47%        N/A       1%          3
 Hailstorm                Conj/Ice       75%        3d15      1%          4
 Fireball                 Conj/Fire      31%        3d13      1%          5
 Iskenderun's Battlesphe  Conj           78%        2d13      1%          5
 Orb of Destruction       Conj           39%        9d11      1%          7
 Summon Guardian Golem    Hex/Summ       32%        N/A       3%          3
 Summon Small Mammal      Summ           64%        N/A       4%          1
 Anguish                  Hex/Necr       16%        N/A       11%         4
 Call Canine Familiar     Summ           16%        N/A       14%         3
 Vampiric Draining        Necr           16%        2d7       14%         3
 Iron Shot                Conj/Erth      27%        9d6       16%         6
 Spellforged Servitor     Conj/Summ      27%        N/A       65%         7
 Discord                  Hex            24%        N/A       100%        8
 Disjunction              Tloc           8%         N/A       100%        8


Dungeon Overview and Level Annotations

Branches:
Dungeon (11/15) Zot: 445   Temple (0/1) D:7            Lair (5/5) D:11 Zot: 1111
 Shoals (4/4) Lair:3 Zot: 1445  Spider (2/4) Lair:2 Zot: 196   Slime (0/5) Lair:5
    Orc (2/2) D:10 Zot: 232     Elf (0/3) Orc:2        Bailey (visited)

Altars:
Ashenzari
Cheibriados
Dithmenos
Elyvilon
Fedhas
Makhleb
Sif Muna
Trog
Vehumet
Xom
Yredelemnul
Jiyva

Shops:
D:10 *   Orc:2 [((!

Portals:
Hell: Lair:5

Annotations:
D:4 3 runed translucent doors, exclusion: 3 doors, Decritt's ghost, novice GrFi; fly's ghost, weakling DgDe
D:5 exclusions: 3 doors and 2 more exclusions
Lair:4 Syluilastro's ghost, journeyman DsBe
Spider:2 Nikola


Innate Abilities, Weirdness & Mutations

You passively map the area around you.
You are easily found by Zot.
You glow in the dark.
You regain HP and MP as you explore.


Message History

You slip free of the water engulfing you.
The water elemental attacks as you move away!
The water elemental hits you!
* * * LOW HITPOINT WARNING * * *
You gasp with relief as air once again reaches your lungs.
Your ball lightning explodes!
The blast of lightning engulfs the plant!
The plant begins to die.
The plant is lightly damaged.
The blast of lightning engulfs you! You resist.
* * * LOW HITPOINT WARNING * * *
The blast of lightning engulfs the water elemental.
The water elemental resists.
The water elemental is lightly damaged.
The water nymph gestures at you while chanting.
The water swirls and strikes you.
* * * LOW HITPOINT WARNING * * *
Your ball lightning explodes!
The blast of lightning engulfs the water elemental!
The water elemental resists.
The water elemental is moderately damaged.
The blast of lightning engulfs your ball lightning.
Your ball lightning completely resists.
The blast of lightning engulfs you. You resist.
* * * LOW HITPOINT WARNING * * *
The blast of lightning engulfs the merfolk!!
The merfolk is severely wounded.
The blast of lightning engulfs the merfolk aquamancer!
The merfolk aquamancer is moderately wounded.
Your ball lightning explodes!
The blast of lightning engulfs you. You resist.
* * * LOW HITPOINT WARNING * * *
The blast of lightning engulfs the water elemental!
The water elemental resists.
The water elemental is heavily damaged.
The water elemental hits you.
The merfolk hits you but does no damage.
The water nymph gestures at you while chanting.
The water swirls and strikes you!
You die...

~ ~≈≈≈~.~~~~~~.....~** ~ ~
~≈≈≈#.~m~m~...#..~ **
≈≈≈~~.~~m~.....[. , ~
~≈≈≈~~#~~~..#......, , ~
~~~~≈≈≈~~~~#.#m....... , ~
≈≈≈~~~~m~~........ , ~ ,
~~~ ≈≈≈~~~~m~~..~.....,, ~
~ ≈≈≈≈~~~~Em~~~~.... ~ ~ ~
≈≈≈≈≈~~~@.~~~~~...~~ ~~ ~
~≈≈≈≈~~~~~~~~~~~....~~~~..
~~
≈≈≈≈~P~~~~~.~~~~..~~~~~~.
~ ~
≈≈≈≈≈~~~~......~~~~~~~~..
~~
~≈≈≈≈P~P~.....~~~~~~~~....
~~
≈≈PP~~P~....~~~~~~~~~....
≈~~~~~~P...~~~~~~~~~.... ~
~ ≈~PPPP~.##.~~~~~~~~~)...
~~PPP~...~~~)~~~~~~~~.~


You could see 3 merfolk aquamancers, a merfolk, a water elemental and 3 water
nymphs.

Vanquished Creatures
  Frances (Shoals:1)
  An orc warlord (Bailey)
  2 dire elephants (Lair:5)
  An entropy weaver (Spider:1)
  A spark wasp (Spider:1)
  3 merfolk impalers
  2 merfolk javelineers
  2 hydras
  An ogre mage (D:10)
  6 boulder beetles
  A centaur warrior (Shoals:1)
  2 radroaches (Spider:2)
  Erica (D:11)
  2 catoblepae (Lair:4)
  2 alligator snapping turtles
  A satyr (Shoals:4)
  6 death yaks (Lair:5)
  A shock serpent (shapeshifter) (D:10)
  A sixfirhy (Lair:5)
  A skeletal warrior (D:8)
  A sun moth (Spider:1)
  A pharaoh ant (Spider:1)
  4 sea snakes
  4 orb spiders
  3 steelbarb worms
  A wizard (Lair:5)
  2 orc knights
  12 harpies
  2 deep elf pyromancers (D:10)
  9 fauns
  3 manticores
  10 wolf spiders
  An orc sorcerer (Orc:1)
  4 moths of wrath
  4 merfolk sirens
  3 cyclopes
  7 elephants
  A smoke demon (Lair:5)
  6 black mambas
  2 orange demons (Lair:5)
  A water nymph (Shoals:4)
  2 torpor snails
  8 cane toads
  6 rime drakes
  3 demonic crawlers
  3 ice devils (Lair:5)
  8 komodo dragons
  15 merfolk
  A red devil (Lair:5)
  A kobold demonologist (D:10)
  A polar bear (Lair:5)
  A queen bee (Orc:1)
  A wind drake (Shoals:3)
  8 tarantellas (Spider:1)
  4 hornets
  3 trolls
  27 blink frogs
  9 dream sheep
  3 snapping turtles
  12 jumping spiders
  8 culicivoras
  6 spriggans (Lair:4)
  34 yaks
  A water elemental (Shoals:1)
  5 wyverns
  A human (shapeshifter) (D:10)
  A vampire (D:10)
  3 wraiths (D:8)
  23 redbacks
  3 basilisks
  2 steam dragons
  A warg (Orc:1)
  4 acid dragons
  2 swamp worms (Lair:3)
  5 water moccasins
  3 hell hounds (Lair:5)
  50 orc warriors
  2 sky beasts (D:7)
  2 black bears
  3 ogres
  6 wolves (Lair:5)
  21 centaurs
  2 phantoms (D:6)
  13 bullfrogs
  A necrophage (D:5)
  37 killer bees
  A howler monkey (D:5)
  2 electric eels (D:7)
  18 orc priests
  3 hounds
  4 jellies
  A gnoll bouda (D:10)
  Jessica (D:3)
  27 orc wizards
  2 iguanas
  8 gnolls
  6 adders
  A shadow imp (D:7)
  2 white imps (D:6)
  2 ufetubi
  5 dart slugs
  70 orcs
  3 endoplasms
  3 giant cockroaches (D:2)
  26 goblins
  13 hobgoblins
  8 jackals
  5 quokkas
  6 ball pythons
  4 bats
  3 frilled lizards
  8 kobolds
  A rat (D:3)
707 creatures vanquished.

Vanquished Creatures (collateral kills)
  An ice beast (D:7)
1 creature vanquished.

Vanquished Creatures (others)
  An orc wizard (Orc:2)
  6 ball lightnings
  10 fungi
  70 plants
87 creatures vanquished.

Grand Total: 795 creatures vanquished

Notes
Turn   | Place    | Note
-------+----------+-------------------------------------------
     0 | D:1      | Angani the Meteoran Wanderer began the quest for the Orb.
     0 | D:1      | Angani set off with the following items: a +0 club, a
                  | potion of lignification, a scroll of summoning, a +2 scale
                  | mail; and the following spell memorised: Shock; and the
                  | following spells available to memorise: Dazzling Flash.
     0 | D:1      | Reached XP level 1. HP: 17/17 MP: 7/7
   135 | D:1      | Reached XP level 2. HP: 21/24 MP: 9/9
   227 | D:1      | Reached skill level 1 in Air Magic
   242 | D:1      | Reached skill level 1 in Conjurations
   408 | D:1      | Reached XP level 3. HP: 30/30 MP: 10/10
   434 | D:2      | Learned a level 3 spell: Dazzling Flash
   642 | D:2      | Learned a level 3 spell: Mephitic Cloud
   646 | D:2      | Learned a level 3 spell: Ignite Poison
   790 | D:2      | Reached XP level 4. HP: 37/37 MP: 12/12
  1059 | D:2      | Glimpsed the power of Zot.
  1103 | D:3      | Reached skill level 1 in Hexes
  1115 | D:3      | Reached skill level 1 in Transmutations
  1116 | D:3      | Reached skill level 1 in Fire Magic
  1116 | D:3      | Reached XP level 5. HP: 33/42 MP: 3/13
  1118 | D:3      | Reached skill level 1 in Poison Magic
  1145 | D:3      | Learned a level 5 spell: Freezing Cloud
  1203 | D:3      | Found a shimmering altar of Xom.
  1291 | D:3      | Found a bloodstained altar of Trog.
  1384 | D:3      | Noticed Jessica
  1397 | D:3      | Killed Jessica
  1459 | D:3      | Reached XP level 6. HP: 49/50 MP: 15/15
  1604 | D:4      | Found a basalt altar of Yredelemnul.
  1786 | D:4      | Found a broken altar of Ashenzari.
  1798 | D:4      | Became a worshipper of Ashenzari the Shackled
  1835 | D:4      | Found a white marble altar of Elyvilon.
  1959 | D:4      | Found a runed translucent gate.
  1959 | D:4      | Found a runed translucent gate.
  1960 | D:4      | Found a runed translucent gate.
  1962 | D:4      | Noticed Decritt's ghost (novice GrFi)
  1962 | D:4      | Noticed fly's ghost (weakling DgDe)
  2040 | D:5      | Entered Level 5 of the Dungeon
  2196 | D:5      | Reached skill level 1 in Ice Magic
  2240 | D:5      | Noticed a black bear
  2352 | D:5      | Killed a black bear
  2353 | D:5      | Reached XP level 7. HP: 51/56 MP: 9/16
  2489 | D:5      | Found a blossoming altar of Fedhas.
  2555 | D:5      | Found a radiant altar of Vehumet.
  2629 | D:5      | Learned a level 3 spell: Swiftness
  2753 | D:6      | Noticed an acid dragon
  2758 | D:6      | Reached XP level 8. HP: 63/63 MP: 4/18
  2798 | D:6      | Identified the cursed +2 cloak "Enigmatic Loss" {Self,
                  | Alch} (You found it on level 4 of the Dungeon)
  2869 | D:6      | Found a snail-covered altar of Cheibriados.
  2948 | D:6      | Noticed a steam dragon
  2956 | D:6      | Killed a steam dragon
  3044 | D:6      | Noticed a yak
  3049 | D:6      | Killed a yak
  3050 | D:6      | Gained mutation: You passively map the area around you.
                  | [Meteoran growth]
  3050 | D:6      | Reached XP level 9. HP: 62/69 MP: 12/20
  3056 | D:6      | Reached * piety under Ashenzari
  3056 | D:6      | Reached ** piety under Ashenzari
  3066 | D:6      | Noticed a green ugly thing
  3372 | D:6      | Learned a level 5 spell: Arcjolt
  3446 | D:7      | Reached skill level 5 in Conjurations
  3446 | D:7      | Reached skill level 5 in Air Magic
  3688 | D:7      | Reached XP level 10. HP: 45/78 MP: 14/24
  3695 | D:7      | HP: 3/78 [ogre/+0 giant spiked club (23)]
  3741 | D:7      | Found a staircase to the Ecumenical Temple.
  3764 | D:7      | Learned a level 4 spell: Airstrike
  3785 | D:7      | Reached skill level 5 in Ice Magic
  3933 | D:8      | Noticed a skeletal warrior
  4178 | D:8      | Killed a skeletal warrior
  4360 | D:8      | Found the +5 scythe "Finisher" {speed, eviscerate}
  4451 | D:8      | Noticed a cyclops
  4454 | D:8      | Killed a cyclops
  4455 | D:8      | Reached skill level 1 in Polearms
  4455 | D:8      | Reached XP level 11. HP: 82/82 MP: 17/25
  4539 | D:8      | Glimpsed the power of Zot.
  4586 | D:8      | Glimpsed the power of Zot.
  4629 | D:9      | Found a flagged portal.
  4644 | Bailey   | Entered a bailey
  4895 | Bailey   | Noticed an orc warlord
  4909 | Bailey   | Killed an orc warlord
  4987 | Bailey   | Reached XP level 12. HP: 39/89 MP: 15/27
  5067 | D:9      | Reached skill level 10 in Spellcasting
  5354 | D:9      | Learned a level 1 spell: Slow
  5378 | D:9      | Found a shadowy altar of Dithmenos.
  5450 | D:10     | Entered Level 10 of the Dungeon
  5546 | D:10     | Reached skill level 1 in Dodging
  5627 | D:10     | Found Emuotaeb's Assorted Antiques.
  5840 | D:10     | Found a staircase to the Orcish Mines.
  5876 | D:10     | Bought a scroll labelled OTWIJU ZAMPAM for 26 gold pieces
  5876 | D:10     | Bought a scroll labelled VECENUDGHIN for 26 gold pieces
  5876 | D:10     | Bought a scroll of teleportation for 78 gold pieces
  5876 | D:10     | Bought a curved brass wand for 104 gold pieces
  5880 | D:10     | Reached *** piety under Ashenzari
  5880 | D:10     | Reached **** piety under Ashenzari
  5921 | D:10     | Reached skill level 5 in Armour
  5976 | Orc:1    | Entered Level 1 of the Orcish Mines
  5988 | Orc:1    | Noticed an orc knight
  5995 | Orc:1    | Killed an orc knight
  5998 | Orc:1    | Reached XP level 13. HP: 88/104 MP: 22/31
  6082 | Orc:1    | Found a shimmering blue altar of Sif Muna.
  6346 | Orc:1    | Reached skill level 5 in Fighting
  6408 | Orc:2    | Entered Level 2 of the Orcish Mines
  6426 | Orc:2    | Found Jasun's Distillery.
  6533 | Orc:2    | Found a staircase to the Elven Halls.
  6587 | Orc:2    | Bought a potion of curing for 39 gold pieces
  6587 | Orc:2    | Bought 2 potions of brilliance for 104 gold pieces
  6587 | Orc:2    | Bought a potion of degeneration for 13 gold pieces
  6604 | Orc:2    | Reached skill level 5 in Dodging
  6825 | Orc:2    | Upgraded the game from 0.30-a0-134-gb40fab5c76 to
                  | 0.30-a0-136-gea98e250e0
  6884 | Orc:2    | Found Huvyorgha's Antique Armour Shop.
  6884 | Orc:2    | Found Diots's Weapon Shoppe.
  6886 | Orc:2    | Found Xuceugh's Weapon Emporium.
  6888 | Orc:2    | Found Lyfoas's Antique Armour Boutique.
  6909 | Orc:2    | Bought a pair of runed gloves for 217 gold pieces
  6914 | Orc:2    | Reached ***** piety under Ashenzari
  7006 | D:10     | Noticed a boulder beetle
  7017 | D:10     | Noticed an ogre mage
  7019 | D:10     | Identified the amulet of Suxaph {Reflect Str+2 SH+5}
  7019 | D:10     | Identified the ring "Heepruen" {*Corrode rElec rPois Dex+6
                  | Slay+5}
  7076 | D:10     | Identified the ring of the Hero {Fire +Blink rN+ Int-2}
  7077 | D:10     | Noticed a boulder beetle
  7083 | D:10     | Killed an ogre mage
  7084 | D:10     | Killed a boulder beetle
  7113 | D:10     | Killed a boulder beetle
  7117 | D:10     | HP: 4/114 [shock serpent (shapeshifter)/electric aura (8)]
  7130 | D:10     | Reached XP level 14. HP: 29/122 MP: 22/32
  7187 | D:10     | Identified the ring of Xetiqump {Wiz rC+ MP+9}
  7321 | D:11     | Noticed Erica
  7328 | D:11     | Killed Erica
  7355 | D:11     | Found a staircase to the Lair.
  7365 | Lair:1   | Entered Level 1 of the Lair of Beasts
  7885 | Lair:2   | Found a hole to the Spider Nest.
  7931 | Spider:1 | Entered Level 1 of the Spider Nest
  8243 | Spider:1 | Reached skill level 10 in Conjurations
  8243 | Spider:1 | Reached skill level 10 in Air Magic
  8340 | Spider:1 | Learned a level 6 spell: Conjure Ball Lightning
  8359 | Spider:1 | Reached XP level 15. HP: 117/130 MP: 33/33
  8457 | Spider:1 | Glimpsed the power of Zot.
  8882 | Spider:1 | Reached skill level 10 in Ice Magic
  9067 | Spider:1 | Glimpsed the power of Zot.
  9073 | Spider:2 | Noticed Nikola
  9120 | Spider:1 | Glimpsed the power of Zot.
  9160 | Spider:1 | Glimpsed the power of Zot.
  9170 | Spider:1 | Touched by the power of Zot.
  9305 | Lair:5   | Entered Level 5 of the Lair of Beasts
  9547 | Lair:4   | Found a transporter.
  9552 | Lair:4   | Found a bloodstained altar of Trog.
  9553 | Lair:4   | Found a transporter.
  9554 | Lair:4   | Noticed Syluilastro's ghost (journeyman DsBe)
  9560 | Lair:4   | Reached XP level 16. HP: 85/138 MP: 10/34
 10033 | Lair:5   | Found a burning altar of Makhleb.
 10083 | Lair:5   | Found a gateway to Hell.
 10148 | Lair:5   | Found a staircase to the Slime Pits.
 10148 | Lair:5   | Found a viscous altar of Jiyva.
 10251 | Lair:5   | Identified the +1 quarterstaff of Hell's Wrath {venom,
                  | Will- rCorr Int+4}
 10537 | Lair:3   | Found a staircase to the Shoals.
 10546 | Shoals:1 | Entered Level 1 of the Shoals
 10590 | Shoals:1 | Noticed Frances
 10593 | Shoals:1 | Reached XP level 17. HP: 98/144 MP: 30/35
 10600 | Shoals:1 | Killed Frances
 11026 | Shoals:3 | Reached skill level 15 in Conjurations
 11060 | Shoals:3 | Reached skill level 15 in Air Magic
 11132 | Shoals:4 | Entered Level 4 of the Shoals
 11426 | Shoals:4 | Killed from afar by a water nymph

Illustrated notes

Levels and vault maps discovered:
D:1:      ncdulo_smallfort, layout_basic, hangedman_decor_push,
          minmay_misc_feat_chi
D:2:      layout_basic
D:3:      layout_rooms, lemuel_doored_altar,
          mainiacjoe_overflow_six_doors_small, kennysheep_jessica_study
D:4:      minmay_wonky_spiral, layout_loops_ring, evilmike_ruin_ashenzari,
          mainiacjoe_overflow_brackets, nicolae_elyvilon_temple_path,
          gammafunk_ghost_cemetery, kennysheep_generic_room_16
D:5:      layout_basic, mainiacjoe_overflow_boulevard,
          lemuel_coloured_pillars_altar
D:6:      layout_layer_cave, kennysheep_mini_moat, st_stairs_6, eino_curves_04,
          kb_rosetta
D:7:      layout_rooms, minmay_temple_entry_offerings, chequers_big_river,
          corexii_checkpoint_b, minmay_misc_feat_hallway,
          kennysheep_generic_room_6
D:8:      layout_basic, minmay_guarded_unrand_finisher
D:9:      layout_layer_cave, nicolae_dithmenos_the_darkroom, enter_bailey_5,
          minmay_misc_feat_more_columns, chequers_hall_statues_wall_a,
          minivault_23
D:10:     minmay_the_grid_triangle_9x9_rhombus_thin_mashed
          [minmay_the_grid_triangle_9x9_wacky_v,
          minmay_the_grid_triangle_9x9_prize_special,
          minmay_the_grid_triangle_9x9_semitri,
          minmay_the_grid_triangle_9x9_cache], layout_cave_pods,
          marbit_many_paths, hiddenorc1_lemuel, serial_shops, shop_statue
D:11:     layout_stronghold, lair_entry_dummy, uniq_fannar, uniq_erica
Lair:1:   layout_chaotic_city, dreamdust_mushroom_princess,
          dreamdust_gnoll_shepherd, grunt_megastairs_2, lemuel_fruit_tree
Lair:2:   layout_chaotic_city, nicolae_spider_entry_orb_guardian,
          ebering_ghost_xom, st_stairs_11, minivault_19
Lair:3:   layout_roguey, minmay_shoals_entry_centaurs, worms_lemuel,
          infiniplex_staircase_pool, uniq_nergalle
Lair:4:   nzn_motion_control, layout_cave_pods,
          gammafunk_ghost_wrathful_warriors, st_stairs_4
Lair:5:   evil_forest, layout_big_grid, slime_entry_1,
          infiniplex_staircase_pool_2
Shoals:1: layout_shoals, uniq_frances
Shoals:2: layout_shoals, nicolae_shoals_secluded_bog
Shoals:3: layout_shoals
Shoals:4: shoals_end_hangedman, layout_shoals, nicolae_shoals_water_shrine
Spider:1: layout_cave_pods
Spider:2: layout_spider_delve, uniq_nikola
Orc:1:    layout_caves, special_room [special_room_bee],
          kennysheep_orc_sif_temple
Orc:2:    st_orc_rangers, layout_caves, serial_shops, shop, basic_altar

Skill      XL: |  1  2  3  4  5  6  7  8  9 10 11 12 13 14 15 16 17 |
---------------+----------------------------------------------------+-----
Air Magic      | 1 2 3 4 5 7 8 10 12 14 15 | 15.4
Conjurations   | 1 2 3 4 5 7 8 10 12 14 15 | 15.4
Armour         | 4 5 8 9 |  9.1
Hexes          | 1 2 3 4 |  4.3
Transmutations | 1 2 3 4 |  4.2
Fire Magic     | 1 2 3 4 |  4.2
Poison Magic   | 1 2 3 4 |  4.1
Ice Magic      | 1 2 3 4 6 7 9 11 13 14 | 14.1
Spellcasting   | 6 7 9 10 | 10.0
Polearms       | 1 11 12 13 14 | 14.0
Dodging        | 3 6 8 |  8.0
Fighting       | 4 7 |  7.9
Evocations     | |  1.2

Action                   |  1- 3 |  4- 6 |  7- 9 | 10-12 | 13-15 | 16-18 || total
-------------------------+-------+-------+-------+-------+-------+-------++-------
Melee: Club              |    51 |       |       |       |       |       ||    51
       Flail             |    43 |    91 |       |       |       |       ||   134
       Punch             |     2 |     2 |       |       |       |       ||     4
       Quarterstaff      |       |    75 |    94 |     2 |       |       ||   171
       Scythe            |       |       |       |   195 |   458 |   301 ||   954
 Cast: Shock             |     5 |    25 |    77 |    59 |     7 |       ||   173
       Mephitic Cloud    |       |       |    13 |     4 |     4 |       ||    21
       Ignite Poison     |       |       |     9 |     3 |     1 |       ||    13
       Dazzling Flash    |       |       |     6 |     1 |     1 |       ||     8
       Swiftness         |       |       |     3 |     1 |       |       ||     4
       Airstrike         |       |       |       |     8 |    37 |    20 ||    65
       Arcjolt           |       |       |       |     7 |    36 |     4 ||    47
       Freezing Cloud    |       |       |       |    30 |    89 |    72 ||   191
       Slow              |       |       |       |       |     4 |       ||     4
       Conjure Ball Ligh |       |       |       |       |       |     2 ||     2
Invok: Curse Item        |       |       |     2 |     4 |     3 |       ||     9
       Shatter the Chain |       |       |       |     1 |     1 |       ||     2
Evoke: Box of beasts     |       |       |       |       |     1 |       ||     1
       Wand              |       |       |       |       |       |     2 ||     2
  Use: Scroll            |     3 |     4 |     6 |     4 |     6 |     3 ||    26
       Potion            |       |     1 |     5 |     5 |     6 |       ||    17
 Stab: Confused          |       |       |       |       |     4 |       ||     4
Armor: Scale mail        |    72 |    58 |       |       |       |       ||   130
       Skin              |       |    28 |    11 |     1 |       |       ||    40
       Ring mail         |       |    21 |    22 |       |       |       ||    43
       Acid dragon scale |       |       |    47 |    83 |   213 |    91 ||   434
Dodge: Dodged            |    47 |    68 |    60 |    82 |   275 |   158 ||   690
Block: Other             |     5 |    52 |    40 |    43 |   102 |    63 ||   305
       Reflection        |       |       |       |     2 |    13 |    14 ||    29

Table legend: (Time is in decaauts)
 A = Elapsed time spent in this place.
 B = Non-inter-level travel time spent in this place.
 C = Inter-level travel time spent in this place.
 D = Time resting spent in this place.
 E = Time spent auto-exploring this place.
 F = Levels seen in this place.
 G = Mean time per level.
                   A        B        C        D        E       F      G
               +--------+--------+--------+--------+--------+-----+--------+
         Total |  11574 |  10623 |    951 |    198 |      0 |  25 |  463.0 |
       Dungeon |   6154 |   5496 |    658 |    114 |      0 |  11 |  559.5 |
          Lair |   1888 |   1756 |    132 |      0 |      0 |   5 |  377.6 |
        Shoals |    952 |    952 |      0 |      0 |      0 |   4 |  238.0 |
   Spider Nest |   1204 |   1082 |    122 |     84 |      0 |   2 |  602.0 |
  Orcish Mines |    967 |    928 |     39 |      0 |      0 |   2 |  483.5 |
        Bailey |    407 |    407 |      0 |      0 |      0 |   1 |  407.0 |
               +--------+--------+--------+--------+--------+-----+--------+

Top non-repeatable levels by time:
Spider:1: 1153 daAuts
    D:10: 820 daAuts
     D:6: 790 daAuts
     D:8: 691 daAuts
     D:2: 664 daAuts
  Lair:5: 661 daAuts
     D:5: 631 daAuts
     D:4: 581 daAuts
     D:7: 543 daAuts
   Orc:2: 527 daAuts
  Lair:4: 477 daAuts
     D:1: 444 daAuts
     D:9: 440 daAuts
   Orc:1: 439 daAuts
     D:3: 438 daAuts
